 Dungeon Crawl Stone Soup version 0.28.0 (webtiles) character file.

Game seed: 14476988781711296923

155444 Dorkslayer the Fencer (level 17, -4/160 HPs)
             Began as a Minotaur Fighter on May 28, 2022.
             Was an Initiate of Gozag.
             Killed from afar by a deep elf annihilator (70 damage)
             ... with an iron shot
             ... on level 3 of the Elven Halls on May 29, 2022.
             The game lasted 01:53:18 (29064 turns).

Dorkslayer the Fencer (Minotaur Fighter)           Turns: 29064, Time: 01:53:19

Health: -4/160     AC: 34    Str: 29    XL:     17   Next: 8%
Magic:  16/16      EV: 13    Int:  5    God:    Gozag
Gold:   4861       SH: 21    Dex: 20    Spells: 16/16 levels left

rFire   . . .      SeeInvis .   L - +5 scimitar (flame)
rCold   . . .      Faith    .   c - +2 kite shield {reflect}
rNeg    . . .      Spirit   .   B - +15 Maxwell's patent armour {-Cast -Tele rElec Will+ rCorr}
rPois   +          Reflect  +   (helmet restricted)
rElec   +          Harm     .   X - +2 cloak {rPois}
rCorr   +          Rampage  .   I - +2 pair of gloves {hurl}
Will    ++...      NoTele   +   M - -2 pair of boots "Plog" {Str+4}
Stlth   .......... NoCast   +   E - amulet of reflection
HPRegen 0.36/turn               x - +4 ring of slaying
MPRegen 0.15/turn               i - +6 ring of dexterity

@: gold aura, studying 2 skills
A: horns 2, retaliatory headbutt, deformed body
a: Renounce Religion, Potion Petition, Call Merchant, Bribe Branch


You were on level 3 of the Elven Halls.
You worshipped Gozag.
Gozag was most pleased with you.
You visited 5 branches of the dungeon, and saw 27 of its levels.
You also visited: Sewer, Ossuary and Gauntlet.

You collected 9215 gold pieces.
You spent 4282 gold pieces at shops.
You paid 72 gold pieces to Gozag.

Inventory:

Hand Weapons
 o - a +2 vorpal long sword
 L - a +5 scimitar of flaming (weapon)
Missiles
 r - 4 silver javelins
 u - 4 throwing nets
 Q - 6 javelins (quivered)
Armour
 c - a +2 kite shield of reflection (worn)
 B - the +15 Maxwell's patent armour (worn) {-Cast -Tele rElec Will+ rCorr}
   (You bought it in a shop on level 8 of the Dungeon)

   rElec:     It insulates you from electricity.
   -Cast:     It prevents spellcasting.
   -Tele:     It prevents most forms of teleportation.
   rCorr:     It protects you from acid and corrosion.
   Will:      It increases your willpower.
 H - the +1 cloak of Kiqiroel {rCorr Dex+3}
   (You bought it in a shop on level 4 of the Dungeon)

   Dex:       It affects your dexterity (+3).
   rCorr:     It protects you from acid and corrosion.
 I - a +2 pair of gloves of hurling (worn)
 M - the -2 pair of boots "Plog" (worn) {Str+4}
   (You found it in a Gauntlet)

   Str:       It affects your strength (+4).
 X - a +2 cloak of poison resistance (worn)
Jewellery
 i - a +6 ring of dexterity (right hand)
 l - a ring of see invisible
 x - a +4 ring of slaying (left hand)
 E - an amulet of reflection (around neck)
Wands
 d - a wand of acid (3)
 f - a wand of polymorph (51)
 q - a wand of digging (4)
 t - a wand of flame (51)
 z - a wand of charming (7)
 D - a wand of mindburst (5)
 U - a wand of iceblast (19)
 W - a wand of paralysis (3)
Scrolls
 a - a scroll of enchant weapon
 e - 10 scrolls of blinking
 g - 5 scrolls of fog
 s - 9 scrolls of teleportation
 v - 8 scrolls of fear
 w - 4 scrolls of immolation
 y - 5 scrolls of amnesia
 A - 5 scrolls of magic mapping
 G - 2 scrolls of silence
 J - 7 scrolls of identify
 K - a scroll of summoning
 P - 2 scrolls of brand weapon
 T - 3 scrolls of enchant armour
 V - a scroll of holy word
Potions
 b - 4 potions of heal wounds
 h - 2 potions of might
 j - 2 potions of berserk rage
 k - 17 potions of curing
 m - 6 potions of mutation
 n - 7 potions of brilliance
 p - 15 potions of ambrosia
 F - 2 potions of invisibility
 N - 2 potions of flight
 S - 2 potions of magic
 Z - a potion of haste
Miscellaneous
 C - a phantom mirror
 O - a phial of floods
 R - a tin of tremorstones (2/2)
 Y - a condenser vane


   Skills:
 * Level 16.8 Fighting
 + Level 16.8 Long Blades
 * Level 10.3 Throwing
 + Level 16.3 Armour
 + Level 9.7 Dodging
 + Level 5.0 Stealth
 + Level 14.5 Shields
 * Level 11.7 Evocations


You had 16 spell levels left.
You didn't know any spells.
Your spell library contained the following spells:

 Spells                   Type           Power      Damage    Failure   Level
 Beastly Appendage        Tmut           0%         N/A       99%         1
 Slow                     Hex            0%         N/A       99%         1
 Summon Small Mammal      Summ           0%         N/A       99%         1
 Blink                    Tloc           0%         N/A       100%        2
 Wereblood                Tmut           0%         N/A       100%        2
 Call Canine Familiar     Summ           0%         N/A       100%        3
 Confusing Touch          Hex            0%         N/A       100%        3
 Gell's Gravitas          Tloc           0%         N/A       100%        3
 Lesser Beckoning         Tloc           0%         N/A       100%        3
 Ozocubu's Armour         Ice            0%         N/A       100%        3
 Spider Form              Tmut/Pois      0%         N/A       100%        3
 Summon Guardian Golem    Hex/Summ       0%         N/A       100%        3
 Teleport Other           Tloc           0%         N/A       100%        3
 Vampiric Draining        Necr           0%         2d6       100%        3
 Fulminant Prism          Conj/Hex       0%         3d6       100%        4
 Hailstorm                Conj/Ice       0%         3d3       100%        4
 Ice Form                 Ice/Tmut       0%         N/A       100%        4
 Iskenderun's Mystic Bla  Conj/Tloc      0%         2d3       100%        4
 Leda's Liquefaction      Hex/Erth       0%         N/A       100%        4
 Lee's Rapid Deconstruct  Erth           0%         3d5*      100%        5
 Manifold Assault         Tloc           0%         N/A       100%        5
 Dispersal                Tloc           0%         N/A       100%        6
 Simulacrum               Ice/Necr       0%         N/A       100%        6
 Statue Form              Tmut/Erth      0%         N/A       100%        6
 Ozocubu's Refrigeration  Ice            0%         4d5       100%        7


Dungeon Overview and Level Annotations

Branches:
Dungeon (15/15)            Temple (1/1) D:5            Lair (6/6) D:8
 Shoals (0/4) Lair:2       Spider (0/4) Lair:3        Slime (0/5) Lair:5
    Orc (2/2) D:12            Elf (3/3) Orc:2        Vaults (0/5) D:14
 Depths (0/4) D:15          Sewer (visited)         Ossuary (visited)
Gauntlet (visited)

Altars:
Ashenzari
Cheibriados
Dithmenos
Elyvilon
Fedhas
Gozag
Hepliaklqana
Kikubaaqudgha
Makhleb
Nemelex Xobeh
Okawaru
Qazlal
Ru
Sif Muna
Trog
Uskayaw
Vehumet
Wu Jian
Xom
Yredelemnul
Zin
The Shining One
Beogh
Lugonu

Shops:
D:2 [   D:4 [   D:8 [   D:11 :   D:12 =   Orc:2 =!*(=   Elf:3 [

Portals:
Abyss: Lair:6
Pandemonium: Orc:2

Annotations:
Elf:2 5 runed translucent doors


Innate Abilities, Weirdness & Mutations

You have a pair of horns on your head.
You reflexively headbutt those who attack you in melee.
Armour fits poorly on your strangely shaped body.


Message History

The deep elf sorcerer explodes!
The deep elf death mage explodes!
You hear a shout! x5
The deep elf elementalist casts a spell.
The deep elf elementalist seems to speed up.
Your life force feels restored.
Unknown command.
Unknown command.
Unknown command.
Unknown command.
Unknown command.
Unknown command.
Unknown command.
The deep elf elementalist is distracted by your dazzling golden aura.
You see here 15 gold pieces.
Unknown command.
You start resting.
A deep elf archer is nearby!
You start resting.
A deep elf archer is nearby!
You block the deep elf archer's attack.
You miss the deep elf archer.
The deep elf archer is heavily wounded.
You slice the deep elf archer!!
Flame seeps out of the deep elf archer.
You burn the deep elf archer.
Flame seeps out of the deep elf archer.
You headbutt the deep elf archer!
The deep elf archer explodes!
The fiery explosion engulfs you!
Unknown command.
Unknown command.
You slice the deep elf annihilator!! You burn the deep elf annihilator.
You headbutt the deep elf annihilator!
The deep elf annihilator is severely wounded.
You hit the deep elf annihilator but do no damage.
You headbutt the deep elf annihilator.
The deep elf annihilator is severely wounded.
The deep elf annihilator is engulfed in blazing flames.
The deep elf annihilator gestures at you while chanting.
The iron shot hits you!!!
You die...
Your body crumbles into a pile of gold.

.....# ##.## ### PP...#
##.###.### .....#
##'.....###
PP...########....^....#
............$..)......#
P..##########.........#
..## #.........# ..#
#...§§§...# .##
###.@°§.### .# ###e###
## #.# #.# #.# #.# #$#
##.# #..##


You could see a deep elf annihilator.

Vanquished Creatures
  Rupert (Lair:6)
  A deep elf blademaster (Elf:3)
  Kirke (Lair:5)
  2 deep elf sorcerers (Elf:3)
  Louise (D:15)
  A deep elf elementalist (Elf:3)
  A deep elf demonologist (Elf:3)
  A minotaur (Gauntlet)
  Nessos (Orc:2)
  The ghost of Skilfsilihog the Fighter, a journeyman DrCj of Vehumet (Orc:1)
  A blizzard demon (Gauntlet)
  Snorg (Orc:2)
  A crystal guardian (Elf:3)
  2 ettins
  Josephine (Orc:2)
  The ghost of Olid the Thaumaturge, a journeyman DrCj of Vehumet (Lair:1)
  The ghost of Kuidesed the Thaumaturge, a journeyman DrCj of Vehumet (Lair:1)
  A deep elf death mage (Elf:3)
  2 fire dragons (Elf:1)
  A deep elf high priest (Elf:3)
  5 boulder beetles
  An ice dragon (D:14)
  11 hydras
  A hell beast (Elf:1)
  2 merfolk aquamancers (D:15)
  A centaur warrior (D:13)
  2 demonspawn (Orc:2)
  8 two-headed ogres
  4 deep troll earth magi (Elf:1)
  2 tengu warriors
  An orc high priest (Orc:2)
  2 thrashing horrors (Lair:6)
  A hell knight (D:15)
  16 deep elf knights
  Urug (D:11)
  Sonja (Lair:1)
  An iron troll (D:14)
  2 deep elf archers
  2 deep trolls (Elf:1)
  A lindwurm (Lair:5)
  20 deep elf pyromancers
  5 orc knights
  14 deep elf zephyrmancers
  2 necromancers (D:15)
  4 harpies (Elf:1)
  9 orc sorcerers (Orc:2)
  18 ugly things
  A salamander (shapeshifter) (Lair:6)
  2 cyclopes (D:15)
  A moth of wrath (Orc:1)
  Maurice (D:8)
  6 black mambas
  3 manticores
  16 elephants
  2 water nymphs (D:15)
  2 rust devils (Orc:2)
  12 cane toads
  Psyche (D:8)
  2 gargoyles
  A torpor snail (Lair:6)
  A smoke demon (Lair:6)
  3 large abominations (Lair:6)
  6 unseen horrors
  2 minotaur zombies (Gauntlet)
  A komodo dragon (shapeshifter) (D:14)
  A freezing wraith (D:14)
  13 komodo dragons
  5 kobold demonologists
  2 tengu conjurers
  A rime drake (Lair:5)
  4 ancient zymes (Lair:6)
  2 ice devils (Gauntlet)
  2 polar bears
  8 trolls
  A meliai (D:13)
  A queen bee (Orc:1)
  Grinder (D:3)
  4 hornets
  35 blink frogs
  8 slime creatures
  2 dream sheep (Lair:6)
  3 air elementals
  A jumping spider (shapeshifter) (D:14)
  2 spriggans (Lair:6)
  5 wraiths
  2 shadows
  A wyvern (Lair:4)
  A vampire (D:13)
  34 yaks
  2 ynoxinuls (Lair:6)
  2 hogs (Lair:5)
  5 fire elementals
  3 steam dragons
  Grum (D:11)
  8 basilisks
  6 vampire mosquitoes
  2 wargs (Orc:2)
  3 acid dragons
  2 chaos spawn (Lair:6)
  13 small abominations (Lair:6)
  13 water moccasins
  Pargi (Sewer)
  An ice beast (shapeshifter) (D:15)
  A sky beast (D:5)
  31 orc warriors
  3 ice beasts
  5 black bears
  3 ogres
  2 necrophages
  9 wolves
  12 centaurs
  3 kobold brigands
  A phantom (D:5)
  18 bullfrogs
  A scorpion (D:5)
  An earth elemental (Elf:1)
  A gnoll sergeant (D:10)
  A wyvern skeleton (D:6)
  6 water moccasin zombies
  2 water moccasin skeletons (D:6)
  38 killer bees
  5 wights
  10 howler monkeys
  3 electric eels
  7 centaur zombies
  3 hounds
  21 orc priests
  2 bullfrog zombies
  3 gnoll shamans
  Jessica (D:2)
  A centaur skeleton (D:7)
  An iguana (D:5)
  Ijyb (D:3)
  Terence (D:2)
  Natasha (twice) (D:3)
  19 orc wizards
  A hell rat (Elf:1)
  2 mummies (Ossuary)
  2 howler monkey zombies
  17 gnolls
  A howler monkey skeleton (D:6)
  9 adders
  4 white imps
  7 adder zombies (Ossuary)
  A worm (D:2)
  5 dart slugs
  51 orcs
  6 ball pythons
  9 endoplasms
  2 giant cockroaches
  4 gnoll zombies (Ossuary)
  8 goblins
  10 hobgoblins
  3 jackals (Sewer)
  4 quokkas
  6 bats
  3 frilled lizards (D:1)
  2 hobgoblin zombies (Ossuary)
  17 kobolds
  3 kobold zombies (Ossuary)
  4 orc zombies (Ossuary)
  7 rats
830 creatures vanquished.

Vanquished Creatures (collateral kills)
  An orc knight (Orc:2)
  An orc sorcerer (Orc:2)
  An ice devil (Orc:2)
  A neqoxec (Orc:2)
  An orc warrior (Orc:2)
5 creatures vanquished.

Vanquished Creatures (others)
  10 dancing weapons
  A water nymph (D:15)
  A yak (Lair:1)
  4 humans (Lair:5)
  A bullfrog (Lair:5)
  A white imp (Gauntlet)
  55 fungi
  46 plants
  3 withered plants (D:6)
122 creatures vanquished.

Grand Total: 957 creatures vanquished

Notes
Turn   | Place    | Note
-------+----------+-------------------------------------------
     0 | D:1      | Dorkslayer the Minotaur Fighter began the quest for the
                  | Orb.
     0 | D:1      | Reached XP level 1. HP: 19/19 MP: 0/0
   167 | D:1      | Reached XP level 2. HP: 27/27 MP: 1/1
   271 | D:1      | Reached skill level 1 in Dodging
   476 | D:1      | You fall into a shaft and drop 1 floor!
   476 | D:2      | Noticed Terence
   484 | D:2      | Killed Terence
   485 | D:2      | Reached XP level 3. HP: 31/33 MP: 2/2
   493 | D:2      | Noticed Jessica
   500 | D:2      | Killed Jessica
   501 | D:2      | Reached XP level 4. HP: 29/40 MP: 3/3
   788 | D:2      | Found a broken altar of Ashenzari.
  1123 | D:1      | Found a faded altar of an unknown god.
  1772 | D:2      | Found Ypnanloy's Antique Armour Shoppe.
  1824 | D:2      | Reached XP level 5. HP: 47/47 MP: 4/4
  2164 | D:3      | Noticed Natasha
  2171 | D:3      | Killed Natasha
  2555 | D:3      | Noticed Natasha
  2558 | D:3      | Noticed Grinder
  2558 | D:3      | Noticed Ijyb
  2570 | D:3      | Killed Ijyb
  2571 | D:3      | Reached skill level 5 in Armour
  2571 | D:3      | Reached XP level 6. HP: 36/53 MP: 5/5
  2574 | D:3      | Killed Natasha
  2576 | D:3      | Paralysed by Grinder for 7 turns
  2611 | D:3      | Killed Grinder
  2612 | D:3      | Reached skill level 5 in Long Blades
  2612 | D:3      | Reached skill level 1 in Evocations
  2758 | D:3      | Reached XP level 7. HP: 57/60 MP: 6/6
  3055 | D:4      | Found Qegurgh's Antique Armour Shoppe.
  3311 | D:5      | Entered Level 5 of the Dungeon
  3311 | D:5      | Found a staircase to the Ecumenical Temple.
  3320 | D:5      | Found a sand-covered staircase.
  3325 | Ossuary  | Entered an ossuary
  3442 | Ossuary  | Reached skill level 5 in Fighting
  3550 | D:5      | Found a glowing drain.
  3559 | Sewer    | Entered a sewer
  3613 | Sewer    | Noticed Pargi
  3626 | Sewer    | Killed Pargi
  3627 | Sewer    | Reached skill level 5 in Shields
  3689 | D:5      | Reached XP level 8. HP: 34/68 MP: 7/7
  3712 | Temple   | Entered the Ecumenical Temple
  3751 | Temple   | Became a worshipper of Gozag Ym Sagoz the Greedy
  4569 | D:6      | Reached skill level 5 in Dodging
  4577 | D:6      | Identified the +3 leather armour of Generosity {Dex+6
                  | Slay+3 Stlth-}
  4789 | D:6      | Found an ancient bone altar of Kikubaaqudgha.
  4861 | D:6      | Reached XP level 9. HP: 61/75 MP: 8/8
  5046 | D:6      | Noticed a manticore
  5062 | D:6      | Killed a manticore
  6881 | D:4      | Bought a pair of faintly humming gloves for 228 gold pieces
  6881 | D:4      | Identified the +0 pair of gloves of Youthful Indiscretion
                  | {Int+2} (You bought it in a shop on level 4 of the Dungeon)
  6881 | D:4      | Bought a translucent cloak for 228 gold pieces
  6881 | D:4      | Identified the +1 cloak of Kiqiroel {rCorr Dex+3} (You
                  | bought it in a shop on level 4 of the Dungeon)
  6881 | D:4      | Bought a pair of embroidered gloves for 180 gold pieces
  7065 | D:8      | Found a shimmering altar of Xom.
  7176 | D:8      | Reached XP level 10. HP: 29/84 MP: 9/9
  7201 | D:8      | Noticed Maurice
  7218 | D:8      | Killed Maurice
  7219 | D:8      | Reached skill level 5 in Evocations
  7308 | D:8      | Found a shimmering altar of Xom.
  7373 | D:8      | Found a staircase to the Lair.
  7377 | D:8      | Found Qiymu's Armour Shop.
  7832 | D:2      | Bought a polished chain mail for 266 gold pieces
  7832 | D:2      | Identified the +3 chain mail of Goat {Str+3 Dex+2} (You
                  | bought it in a shop on level 2 of the Dungeon)
  7972 | D:8      | Noticed Psyche
  7989 | D:8      | Killed Psyche
  8064 | Lair:1   | Entered Level 1 of the Lair of Beasts
  8084 | Lair:1   | Noticed Sonja
  8093 | Lair:1   | Killed Sonja
  8094 | Lair:1   | Reached skill level 10 in Long Blades
  8094 | Lair:1   | Reached skill level 1 in Throwing
  8422 | Lair:1   | Noticed a black mamba
  8426 | Lair:1   | Killed a black mamba
  8427 | Lair:1   | Reached XP level 11. HP: 78/92 MP: 10/10
  8769 | Lair:1   | Found a runed translucent gate.
  8769 | Lair:1   | Found a runed translucent gate.
  8769 | Lair:1   | Found a runed translucent gate.
  8770 | Lair:1   | Noticed Olid's ghost (journeyman DrCj)
  8771 | Lair:1   | Noticed Kuidesed's ghost (journeyman DrCj)
  8795 | Lair:1   | Killed Kuidesed's ghost
  8810 | Lair:1   | Killed Olid's ghost
  9103 | Lair:2   | Reached skill level 1 in Stealth
  9772 | Lair:2   | Reached skill level 10 in Armour
  9942 | Lair:2   | Found a staircase to the Shoals.
 10219 | Lair:3   | Reached XP level 12. HP: 94/101 MP: 11/11
 10258 | Lair:3   | Found a hole to the Spider Nest.
 10559 | Lair:3   | Identified a scroll of acquirement
 10560 | Lair:3   | Acquired a manual of Armour
 11672 | Lair:5   | Noticed Kirke
 11700 | Lair:5   | Killed Kirke
 12403 | Lair:5   | Noticed a four-headed hydra
 12414 | Lair:5   | Killed a one-headed hydra
 12415 | Lair:5   | Reached skill level 10 in Fighting
 12415 | Lair:5   | Reached XP level 13. HP: 93/113 MP: 12/12
 12535 | Lair:5   | Found a staircase to the Slime Pits.
 13439 | Lair:6   | Entered Level 6 of the Lair of Beasts
 13610 | Lair:6   | Reached skill level 5 in Throwing
 13821 | Lair:6   | Noticed Rupert
 13831 | Lair:6   | Killed Rupert
 14118 | Lair:6   | Reached skill level 10 in Shields
 14825 | Lair:6   | Reached XP level 14. HP: 83/126 MP: 13/13
 14860 | Lair:6   | Found a corrupted altar of Lugonu.
 14860 | Lair:6   | Found a one-way gate to the infinite horrors of the Abyss.
 15307 | Lair:6   | Identified the +0 scale mail of Paranoia {rN+}
 16801 | D:10     | Entered Level 10 of the Dungeon
 17886 | D:10     | Reached skill level 15 in Long Blades
 18224 | D:8      | Bought the +15 Maxwell's patent armour {-Cast -Tele rElec
                  | Will+ rCorr} for 1288 gold pieces
 18224 | D:8      | Found the +15 Maxwell's patent armour {-Cast -Tele rElec
                  | Will+ rCorr}
 18388 | D:11     | Found Leufrule's Book Boutique.
 18656 | D:11     | Noticed Grum
 18670 | D:11     | Killed Grum
 18784 | D:11     | Found a glowing silver altar of Zin.
 18915 | D:11     | Noticed Urug
 18924 | D:11     | Killed Urug
 19190 | D:12     | Found Afec's Jewellery Boutique.
 19204 | D:12     | Bought an amulet of reflection for 450 gold pieces
 19587 | D:12     | Found a staircase to the Orcish Mines.
 19837 | D:12     | Found a sacrificial altar of Ru.
 19965 | D:13     | Found a gate leading to a gauntlet.
 19979 | Gauntlet | Entered a Gauntlet
 19979 | Gauntlet | Found a large runed translucent door.
 19979 | Gauntlet | Found a large runed translucent door.
 19979 | Gauntlet | Found a large runed translucent door.
 19979 | Gauntlet | Found a transporter.
 19979 | Gauntlet | Found a large runed translucent door.
 19979 | Gauntlet | Found a runed translucent door.
 19979 | Gauntlet | Found a large runed translucent door.
 19979 | Gauntlet | Found a large runed translucent door.
 19979 | Gauntlet | Found a large runed translucent door.
 19979 | Gauntlet | Found a large runed translucent door.
 19979 | Gauntlet | Found a runed translucent gate.
 19979 | Gauntlet | Found a runed translucent gate.
 19979 | Gauntlet | Found a transporter.
 19979 | Gauntlet | Found a transporter.
 19980 | Gauntlet | Found a runed translucent door.
 19980 | Gauntlet | Found a runed translucent gate.
 19984 | Gauntlet | Found a large runed translucent door.
 19984 | Gauntlet | Found a large runed translucent door.
 19984 | Gauntlet | Found a large runed translucent door.
 19984 | Gauntlet | Found a large runed translucent door.
 19985 | Gauntlet | Found a large runed translucent door.
 19985 | Gauntlet | Found a large runed translucent door.
 19986 | Gauntlet | Found a large runed translucent door.
 19986 | Gauntlet | Found a large runed translucent door.
 20000 | Gauntlet | Found a transporter.
 20016 | Gauntlet | Found a transporter.
 20019 | Gauntlet | Found a transporter.
 20031 | Gauntlet | Found a transporter.
 20048 | Gauntlet | Found a runed translucent door.
 20052 | Gauntlet | Found a transporter.
 20068 | Gauntlet | Found a transporter.
 20068 | Gauntlet | Found a transporter.
 20076 | Gauntlet | Found a transporter.
 20079 | Gauntlet | Found a transporter.
 20414 | Gauntlet | Identified the -2 pair of boots "Plog" {Str+4}
 20527 | Gauntlet | Identified the +9 trident of the Doomed Warrior {vorpal,
                  | rPois rC- Dex+2}
 20540 | Gauntlet | Identified the +0 scale mail "Weluuco" {Int+4}
 20665 | D:13     | Reached skill level 10 in Evocations
 21580 | D:14     | Found an opulent altar of Gozag.
 21615 | D:14     | Reached XP level 15. HP: 137/137 MP: 14/14
 21879 | D:14     | Found a gate to the Vaults.
 22320 | D:15     | Entered Level 15 of the Dungeon
 22477 | D:15     | Identified the +1 scale mail of the Guilds {Rampage Dex-5
                  | Slay+6}
 22661 | D:15     | Found a staircase to the Depths.
 23644 | D:15     | Noticed Louise
 23658 | D:15     | Killed Louise
 23907 | Orc:1    | Entered Level 1 of the Orcish Mines
 24330 | Orc:1    | Found a transporter.
 24334 | Orc:1    | Found a bloodstained altar of Trog.
 24334 | Orc:1    | Noticed Skilfsilihog's ghost (journeyman DrCj)
 24431 | Orc:1    | Found a transporter.
 24512 | Orc:1    | Killed Skilfsilihog's ghost
 24547 | Orc:2    | Entered Level 2 of the Orcish Mines
 24547 | Orc:2    | Noticed Josephine
 24559 | Orc:2    | Killed Josephine
 24565 | Orc:2    | Found Mechues's Jewellery Shop.
 24844 | Orc:2    | Found Tisewn's General Store.
 24849 | Orc:2    | Found Naliy's Distillery.
 24871 | Orc:2    | Reached skill level 15 in Fighting
 24944 | Orc:2    | Bought a potion of heal wounds for 70 gold pieces
 24944 | Orc:2    | Bought 2 potions of curing for 84 gold pieces
 24944 | Orc:2    | Bought a potion of ambrosia for 112 gold pieces
 24946 | Orc:2    | Bought a scroll of teleportation for 30 gold pieces
 24946 | Orc:2    | Bought 3 scrolls of immolation for 105 gold pieces
 25021 | Orc:2    | Gained mutation: Armour fits poorly on your strangely
                  | shaped body. [a neqoxec]
 25045 | Orc:2    | Reached skill level 15 in Armour
 25060 | Orc:2    | Found Vezol's Jewellery Shoppe.
 25060 | Orc:2    | Found a one-way gate leading to the halls of Pandemonium.
 25060 | Orc:2    | Found Vovith's Antique Weapon Emporium.
 25083 | Orc:2    | Bought a runed long sword for 149 gold pieces
 25209 | Orc:2    | Reached XP level 16. HP: 149/149 MP: 15/15
 25222 | Orc:2    | Noticed Nessos
 25237 | Orc:2    | Noticed Snorg
 25239 | Orc:2    | Killed Nessos
 25262 | Orc:2    | Killed Snorg
 25419 | Orc:2    | Found a staircase to the Elven Halls.
 25784 | Elf:1    | Entered Level 1 of the Elven Halls
 27826 | Elf:2    | Reached skill level 10 in Throwing
 27917 | Elf:2    | Found a huge runed translucent gate.
 27917 | Elf:2    | Found a huge runed translucent gate.
 27917 | Elf:2    | Found a huge runed translucent gate.
 27919 | Elf:2    | Found a huge runed translucent gate.
 27920 | Elf:2    | Found a huge runed translucent gate.
 28336 | Elf:2    | Reached skill level 5 in Stealth
 28639 | Elf:3    | Entered Level 3 of the Elven Halls
 28918 | Elf:3    | Found Ovugural's Antique Armour Boutique.
 28933 | Elf:3    | Bought a jewelled plate armour for 1092 gold pieces
 28933 | Elf:3    | Identified the +1 plate armour of Purpose {rF++ Str+3 Dex-5
                  | SInv} (You bought it in a shop on level 3 of the Elven
                  | Halls)
 29034 | Elf:3    | Noticed a deep elf blademaster
 29042 | Elf:3    | Reached XP level 17. HP: 72/158 MP: 16/16
 29043 | Elf:3    | Killed a deep elf blademaster
 29064 | Elf:3    | Killed from afar by a deep elf annihilator

Illustrated notes

Levels and vault maps discovered:
D:1:      sevenhm_arrival_forest_fort_large_4, layout_loops_corners,
          dilly_ecumenical_altar_fadedgnrine
D:2:      layout_loops_corners, serial_shops, shop, basic_altar, uniq_jessica,
          uniq_terence
D:3:      layout_rooms, serial_aquarium, aquarium_bridge_long_separate
          [aquarium_subvault_bridge, aquarium_subvault_balcony,
          aquarium_subvault_wall, aquarium_subvault_bridge,
          aquarium_subvault_wall, aquarium_subvault_wall],
          aquarium_window_double, aquarium_window_3, aquarium_window_1,
          aquarium_window_2, aquarium_view_2c, aquarium_balcony_1a,
          aquarium_pool_four, uniq_natasha, uniq_grinder, uniq_ijyb
D:4:      layout_gridville, serial_shops, shop, skrybe_limestone_x,
          minmay_goblin_kobold_house
D:5:      layout_basic, minmay_temple_entry_tees, gup_sewer_entry_glass,
          enter_ossuary_2
D:6:      layout_loops_ring, kiku_gazebo_garden_becter, serial_glass,
          glass_columns_a, glass_columns_c, glass_columns_b, glass_columns_a,
          glass_columns_c, glass_columns_c, glass_columns_a, glass_columns_b,
          item_on_display_a, item_on_display_a, nicolae_fountain_basement
D:7:      layout_cave_pods, grunt_ministairs_2
D:8:      layout_rooms, dpeg_oklobed_lair, serial_shops, shop,
          grunt_ministairs_9, hangedman_feature_mirror, st_stairs_3,
          uniq_psyche, uniq_maurice
D:9:      layout_basic
D:10:     layout_grid_maze, serial_bayou_ford_a, kennysheep_kite_vault
D:11:     layout_irregular_city, serial_shops, nicolae_stop_n_shop_2,
          zin_statuary, uniq_grum, uniq_urug
D:12:     layout_roguey, orc_0_dummy, serial_shops,
          nicolae_shop_window_shopping, nicolae_ru_the_path_less_chosen
D:13:     layout_long_grid, gauntlet_entry_generic, minivault_10,
          minmay_joined_circles
D:14:     layout_roguey, david_vaults_4, hex_intersection,
          nicolae_gozag_cash_rules_everything_around_me
D:15:     hangedman_depths_entry_civil_slaughter, layout_basic,
          nicolae_splish_splash, uniq_louise
Temple:   compressed_dpeg_circular_temple
Lair:1:   layout_big_grid, gammafunk_ghost_cemetery, uniq_sonja
Lair:2:   layout_long_grid, elwin_shoals_entry_rocks,
          cheibrodos_lair_caveside_slide, serial_bayou_shore_b,
          lemuel_fruit_fields, grunt_megastairs_1
Lair:3:   layout_roguey, spider_nest_entry_web_field, lemuel_fruit_fields,
          grunt_megastairs_4, serial_bayou_shore_a
Lair:4:   layout_gridlike, lemuel_fruit_tree, lemuel_fruit_fields
Lair:5:   layout_roguey, dpeg_slime_entry_corner, serial_bayou_shore_b,
          uniq_kirke
Lair:6:   hellmonk_lair_end_abyssal_woods, layout_hall_layers, uniq_rupert
Orc:1:    layout_diamond_mine, basic_altar, special_room [special_room_bee],
          gammafunk_ghost_wrathful_warriors
Orc:2:    pf_orc_diabolical, layout_caves, special_room, serial_shops,
          nicolae_shop_statue_plus, uniq_snorg, uniq_nessos, uniq_josephine
Elf:1:    layout_loops_ring, special_room [special_room_mythical_zoo],
          hangedman_elven_crosses_minicolossus, nicolae_elf_deep_friendship
Elf:2:    elven_hall_of_blades_hangedman_alternative
          [nicolae_blade_entry_floor_patterns], layout_onion_city,
          serial_sigils, serial_sigils_hangedman_quiver,
          serial_sigils_hangedman_stare, serial_sigils_hangedman_writhe,
          serial_sigils_hangedman_gut, due_unseen_surprise
Elf:3:    minmay_elf_hall_golems, layout_geoelf_grid, serial_shops,
          shop_fountains

Skill      XL: |  1  2  3  4  5  6  7  8  9 10 11 12 13 14 15 16 |
---------------+-------------------------------------------------+-----
Armour         | 4 5 6 8 9 10 11 12 14 15 16 | 16.3
Dodging        | 1 2 3 4 5 6 7 8 9 |  9.7
Fighting       | 4 5 6 7 8 10 12 13 15 16 | 16.8
Long Blades    | 3 4 5 6 8 9 10 12 13 14 15 16 | 16.8
Shields        | 4 5 6 7 8 9 10 11 13 14 | 14.5
Evocations     | 1 2 3 4 6 7 8 9 10 11 | 11.7
Throwing       | 1 4 6 7 8 10 | 10.3
Stealth        | 1 2 4 5 |  5.0

Action                   |  1- 3 |  4- 6 |  7- 9 | 10-12 | 13-15 | 16-18 || total
-------------------------+-------+-------+-------+-------+-------+-------++-------
Melee: Long sword        |    49 |   129 |   402 |    89 |       |       ||   669
       Headbutt          |     5 |    21 |    93 |   146 |   246 |    69 ||   580
       Scimitar          |       |       |       |   428 |  1026 |   304 ||  1758
Throw: Throwing net      |       |       |     1 |     2 |       |       ||     3
       Dart              |       |       |     3 |    11 |     6 |       ||    20
       Javelin           |       |       |       |       |    33 |    14 ||    47
Evoke: Wand              |       |       |     1 |     9 |    21 |     6 ||    37
       Phial of floods   |       |       |       |     1 |     1 |       ||     2
       Tin of tremorston |       |       |       |       |     8 |       ||     8
       Condenser vane    |       |       |       |       |     2 |       ||     2
  Use: Scroll            |       |     8 |     5 |    12 |    15 |     2 ||    42
       Potion            |       |     2 |     1 |     4 |    15 |     2 ||    24
 Stab: Distracted        |       |       |       |     3 |    14 |     3 ||    20
       Invisible         |       |       |       |       |    17 |       ||    17
       Paralysed         |       |       |       |       |     4 |       ||     4
Armor: Scale mail        |    18 |    26 |       |       |       |       ||    44
       Chain mail        |       |    36 |    11 |   148 |   162 |       ||   357
       Plate armour      |       |       |   277 |    59 |   181 |   157 ||   674
Dodge: Dodged            |    15 |    57 |   147 |   217 |   381 |    77 ||   894
Block: Buckler           |     8 |    34 |   160 |   182 |   353 |       ||   737
       Reflection        |       |       |       |       |    19 |    15 ||    34
       Kite shield       |       |       |       |       |   197 |   234 ||   431
